 Dungeon Crawl Stone Soup version 0.22-a0-848-ge9e22a0 (webtiles) character file.

3778 protoss039 the Cleaver (level 9, -4/82 HPs)
             Began as a Minotaur Fighter on July 26, 2018.
             Was a High Priest of Okawaru.
             Slain by an ice beast (6 damage)
             ... summoned by an ice statue
             ... on level 9 of the Dungeon.
             The game lasted 00:18:46 (5984 turns).

protoss039 the Cleaver (Minotaur Fighter)           Turns: 5984, Time: 00:18:49

Health: -4/82      AC: 14    Str: 24    XL:     9   Next: 95%
Magic:  12/12      EV:  4    Int:  5    God:    Okawaru [*****.]
Gold:   514        SH:  9    Dex: 10    Spells: 8/8 levels left

rFire    . . .     SeeInvis .   a - +1 war axe
rCold    . . .     Gourm    .   c - +0 shield
rNeg     . . .     Faith    .   E - +0 plate armour
rPois    +         Spirit   .   (helmet restricted)
rElec    .         Reflect  .   t - scarf {repulsion}
rCorr    .         Harm     .   (no gloves)
MR       .....                  w - +0 pair of boots
Stlth    ..........             r - amulet of the acrobat
HPRegen  0.23/turn              C - ring of poison resistance
MPRegen  0.13/turn              A - ring of stealth

@: repel missiles
A: retaliatory headbutt, horns 2
a: Heroism, Finesse, Renounce Religion


You were on level 9 of the Dungeon.
You worshipped Okawaru.
Okawaru was extremely pleased with you.
You were not hungry.

You visited 2 branches of the dungeon, and saw 10 of its levels.

You collected 514 gold pieces.

Inventory:

Hand Weapons
 a - a +1 war axe (weapon)
 y - a +2 whip of flaming
Missiles
 x - 6 tomahawks of returning (quivered)
Armour
 c - a +0 shield (worn)
 s - a scarf of cloud immunity
 t - a scarf of repulsion (worn)
 w - a +0 pair of boots (worn)
 E - a +0 plate armour (worn)
Jewellery
 h - an uncursed ring of protection from cold {unknown}
 r - an amulet of the acrobat (around neck)
 A - a ring of stealth (right hand)
 C - a ring of poison resistance (left hand)
 F - an uncursed ring of see invisible {unknown}
 J - an uncursed ring of magical power {unknown}
 M - a cursed amulet of inaccuracy {unknown}
Wands
 i - a wand of scattershot (5)
 I - a wand of polymorph (8)
 K - a wand of flame (17)
 L - a wand of paralysis (16)
Scrolls
 e - 2 scrolls of fear
 n - 4 scrolls of teleportation {unknown}
 p - a scroll of magic mapping {unknown}
 q - a scroll of fog
 u - a scroll of identify
 z - a scroll of remove curse
 B - 2 scrolls of enchant weapon
Potions
 b - 3 potions of flight {unknown}
 d - 2 potions of might
 g - 5 potions of curing
 j - 2 potions of lignification {unknown}
 k - a potion of invisibility {unknown}
 l - a potion of heal wounds {unknown}
 m - a potion of degeneration {unknown}
 o - 3 potions of ambrosia {unknown}
 v - 2 potions of cancellation {unknown}
 D - a potion of magic {unknown}
 G - a potion of berserk rage {unknown}
 H - a potion of mutation {unknown}
Comestibles
 f - 21 rations


   Skills:
 + Level 8.8 Fighting
 * Level 11.4 Axes
 + Level 7.4 Armour
 - Level 3.6 Shields
 + Level 6.2 Invocations


You had 8 spell levels left.
You didn't know any spells.
Your spell library was empty.

Dungeon Overview and Level Annotations

Branches:
Dungeon (9/15)             Temple (1/1) D:5
   Lair: D:8-11         Orc: D:9-12

Altars:
Ashenzari
Cheibriados
Dithmenos
Elyvilon
Fedhas
Gozag
Hepliaklqana
Kikubaaqudgha
Makhleb
Nemelex Xobeh
Okawaru
Qazlal
Ru
Sif Muna
Trog
Uskayaw
Vehumet
Wu Jian
Xom
Yredelemnul
Zin
The Shining One

Shops:
D:4 *   D:7 }

Annotations:
D:7 2 transporters, Zgarb's ghost, novice DESu
D:9 exclusion: ice statue


Innate Abilities, Weirdness & Mutations

You reflexively headbutt those who attack you in melee.
You have a pair of horns on your head.


Message History

You slash the ice beast!
You are engulfed in freezing vapours.
The ice statue gestures at you. The bolt of cold hits you!
The ice beast hits you but does no damage. x3
Unknown command.
Unknown command.
You hit the ice statue.
The ice statue is lightly damaged.
You slash the ice beast! You hit the ice beast. x2
You are engulfed in freezing vapours.
* * * LOW HITPOINT WARNING * * *
The ice statue gestures at you. You block the shard of ice.
The ice beast hits you.
* * * LOW HITPOINT WARNING * * *
The ice beast freezes you!
* * * LOW HITPOINT WARNING * * *
You block the ice beast's attack. The ice beast hits you.
* * * LOW HITPOINT WARNING * * *
The ice beast freezes you.
You die...

#... .# .##.#.###.#####
..#.. ..............#
...## #............#
....# #............#
... #...........# ...
#...Y§§...... #.#
#...§@8...... #.#
#...YY§§..... #.#
#...........# ##'##
#...........# ##...##
#...........#
##.....###...........#
##.......##)###.##.####
#.........()##.....#
+...?....[).........


You could see an ice statue and 3 ice beasts.

Vanquished Creatures
  A two-headed ogre (D:8)
  Pikel (D:4)
  2 hippogriffs
  2 slaves (D:4)
  An orc warrior (D:9)
  A phantom (D:7)
  2 ice beasts (D:5)
  A sky beast (D:7)
  4 ogres
  A centaur (D:7)
  2 big kobolds (D:9)
  3 bullfrogs
  Blork the orc (D:5)
  A scorpion (D:9)
  A howler monkey (D:5)
  4 crimson imps
  5 hounds
  2 jellies
  4 orc priests
  A bullfrog skeleton (D:6)
  A centaur skeleton (D:7)
  4 iguanas
  3 orc wizards
  5 worker ants
  A hound zombie (D:8)
  A hound skeleton (D:2)
  5 adders
  3 shadow imps
  An ooze (D:3)
  2 adder zombies (D:6)
  6 worms
  2 dart slugs
  4 leopard geckos
  14 orcs
  A ball python (D:3)
  3 giant cockroaches
  4 goblins
  10 hobgoblins
  5 jackals (D:3)
  3 quokkas
  6 bats
  3 frilled lizards
  2 jackal skeletons
  14 kobolds
  2 quokka skeletons
  7 rats
152 creatures vanquished.

Notes
Turn   | Place    | Note
-------+----------+-------------------------------------------
     0 | D:1      | protoss039 the Minotaur Fighter began the quest for the Orb.
     0 | D:1      | Reached XP level 1. HP: 19/19 MP: 0/0
   191 | D:1      | Reached skill level 3 in Axes
   210 | D:1      | Reached XP level 2. HP: 27/27 MP: 1/1
   689 | D:2      | Found an iron altar of Okawaru.
   697 | D:2      | Became a worshipper of Warmaster Okawaru
   803 | D:2      | Reached skill level 4 in Axes
   803 | D:2      | Reached XP level 3. HP: 33/33 MP: 2/2
  1138 | D:3      | Reached XP level 4. HP: 35/41 MP: 3/3
  1178 | D:3      | Found a faded altar of an unknown god.
  1419 | D:3      | Reached skill level 5 in Axes
  1419 | D:3      | Reached skill level 1 in Invocations
  1419 | D:3      | Reached XP level 5. HP: 47/47 MP: 4/4
  1965 | D:4      | Noticed a slave
  1965 | D:4      | Noticed a slave
  1988 | D:4      | Killed a slave
  1992 | D:4      | Killed a slave
  2016 | D:4      | Noticed Pikel
  2018 | D:4      | Noticed a slave
  2019 | D:4      | Noticed a slave
  2025 | D:4      | Killed Pikel
  2025 | D:4      | Reached * piety under Okawaru
  2025 | D:4      | Reached ** piety under Okawaru
  2025 | D:4      | Reached skill level 5 in Fighting
  2025 | D:4      | Reached skill level 7 in Axes
  2025 | D:4      | Reached XP level 6. HP: 13/57 MP: 4/7
  2025 | D:4      | Reached XP level 7. HP: 14/62 MP: 4/8
  2289 | D:4      | Found Pusemnig's General Store.
  2385 | D:5      | Entered Level 5 of the Dungeon
  2395 | D:5      | Noticed Blork the orc
  2408 | D:5      | Killed Blork the orc
  2748 | D:5      | Reached skill level 8 in Axes
  2811 | D:5      | Found a glowing golden altar of the Shining One.
  2865 | D:5      | Reached *** piety under Okawaru
  3013 | D:5      | Found a staircase to the Ecumenical Temple.
  3021 | D:5      | Reached XP level 8. HP: 55/71 MP: 9/9
  3026 | Temple   | Entered the Ecumenical Temple
  3415 | D:6      | Got a slimy quarterstaff
  3684 | D:6      | Found an iron altar of Okawaru.
  3704 | D:6      | Noticed a hippogriff
  3711 | D:6      | Killed a hippogriff
  3711 | D:6      | Reached skill level 5 in Armour
  3750 | D:6      | Reached skill level 9 in Axes
  4279 | D:7      | Found a transporter.
  4279 | D:7      | Noticed Zgarb's ghost (novice DESu)
  4282 | D:7      | Found a transporter.
  4290 | D:7      | Reached **** piety under Okawaru
  4330 | D:7      | Reached XP level 9. HP: 71/79 MP: 11/11
  4374 | D:7      | Found Vis Wux's Gadget Shoppe.
  4476 | D:7      | Reached skill level 5 in Invocations
  4498 | D:7      | Reached skill level 10 in Axes
  4794 | D:8      | Noticed a moth of wrath
  4797 | D:8      | Found a bloodstained altar of Trog.
  5183 | D:8      | Noticed a two-headed ogre
  5194 | D:8      | Killed a two-headed ogre
  5194 | D:8      | Reached ***** piety under Okawaru
  5194 | D:8      | Reached skill level 11 in Axes
  5726 | D:9      | Found a blossoming altar of Fedhas.
  5876 | D:9      | Noticed an ice statue
  5984 | D:9      | HP: 4/82 [ice beast[an ice statue] (10)]
  5984 | D:9      | Slain by an ice beast

Vault maps used:
D:1:      tarquinn_simple_flora_water_b
D:2:      first_ration, kennysheep_okawaru_gauntlet
D:3:      chequers_ecumenical_altar_simple_redux
D:4:      serial_shops, nicolae_shop_window_shopping, uniq_pikel
D:5:      cheibrodos_iron_armory, minmay_temple_entry_glassed_door, tso_altar,
          uniq_blork_the_orc
D:6:      basic_altar
D:7:      serial_curves, eino_curves_01, eino_curves_04, serial_shops,
          nicolae_shop_stone, gammafunk_ghost_arena
D:8:      tgw_trog
D:9:      hangedman_pestilent_swarm, minivault_16, fedhas_altar_decomposition
Temple:   roderic_octagonal_lattice_temple

Skill      XL: |  1  2  3  4  5  6  7  8  9 |
---------------+----------------------------+-----
Axes           | 3 4 5 7 8 9 11 | 11.4
Fighting       | 4 5 6 7 8 |  8.8
Invocations    | 1 3 4 6 |  6.2
Armour         | 4 5 7 |  7.4
Shields        | |  3.6

Action                   |  1- 3 |  4- 6 |  7- 9 || total
-------------------------+-------+-------+-------++-------
Melee: War axe           |    75 |    78 |   320 ||   473
       Headbutt          |    16 |    12 |    51 ||    79
Throw: Tomahawk          |       |     3 |       ||     3
  Use: Scroll            |       |     6 |     3 ||     9
       Potion            |       |     1 |       ||     1
  Eat: Chunk             |       |     4 |    10 ||    14
       Ration            |       |       |     1 ||     1
Armor: Scale mail        |     5 |       |       ||     5
       Chain mail        |    26 |    34 |    24 ||    84
       Plate armour      |       |       |   116 ||   116
Dodge: Dodged            |    13 |    11 |    63 ||    87
       Deflected         |       |     2 |     2 ||     4
Block: Shield            |    42 |    44 |   152 ||   238

Table legend:
 A = Spawn XP
 B = Non-spawn XP
 C = Spawn XP percentage of total XP
 D = Spawn monster count
 E = Non-spawn monster count
 F = Spawn count percentage of total count
 G = Total turns spent on level
                    A         B        C        D         E        F      G
               +---------+---------+-------+---------+---------+-------+---------
         Total |       0 |    5398 |   0.0 |       0 |     150 |   0.0 |  5984
               +---------+---------+-------+---------+---------+-------+---------
           D:1 |       0 |      38 |   0.0 |       0 |      21 |   0.0 |   641
           D:2 |       0 |      52 |   0.0 |       0 |       9 |   0.0 |   447
           D:3 |       0 |     121 |   0.0 |       0 |      20 |   0.0 |   528
           D:4 |       0 |     629 |   0.0 |       0 |      10 |   0.0 |   769
           D:5 |       0 |     656 |   0.0 |       0 |      17 |   0.0 |   756
           D:6 |       0 |     801 |   0.0 |       0 |      18 |   0.0 |   757
           D:7 |       0 |     921 |   0.0 |       0 |      14 |   0.0 |   618
           D:8 |       0 |    1665 |   0.0 |       0 |      18 |   0.0 |   873
           D:9 |       0 |     515 |   0.0 |       0 |      23 |   0.0 |   332
               +---------+---------+-------+---------+---------+-------+---------
